 Dungeon Crawl Stone Soup version 0.28.0-47-ge53b351184 (webtiles) character file.

Game seed: 12143707502809559322

194845 pkoi the Zephyrmancer (level 17, -3/137 HPs)
             Began as a Demigod Air Elementalist on Apr 26, 2022.
             Slain by a salamander
             ... wielding a +0 halberd
              (14 damage)
             ... on level 4 of the Snake Pit on Apr 27, 2022.
             The game lasted 02:57:01 (72873 turns).

pkoi the Zephyrmancer (Demigod Air Elementalist)   Turns: 72873, Time: 02:57:02

Health: -3/137     AC: 20    Str: 15    XL:     17   Next: 12%
Magic:  33/35      EV: 40    Int: 45    God:
Gold:   1534       SH:  0    Dex: 19    Spells: 2/34 levels left

rFire   . . .      SeeInvis .     - Unarmed
rCold   . . .      Faith    .   (shield currently unavailable)
rNeg    . . .      Spirit   .   (armour currently unavailable)
rPois   ∞          Reflect  .   (helmet currently unavailable)
rElec   +          Harm     .   (cloak currently unavailable)
rCorr   .          Rampage  .   (gloves currently unavailable)
Will    +....                   (boots currently unavailable)
Stlth   ++++......              l - amulet of the acrobat
HPRegen 0.32/turn               j - ring of wizardry
MPRegen 0.24/turn               f - ring "Faena" {Str+6 Int+8 Dex+5}

@: storm-form, acrobatic, flying
A: cleaving, flying, high MP 1, forlorn, divine attributes
}: 1/15 runes: decaying
a: Blinkbolt, End Transformation


You were on level 4 of the Snake Pit.
You were a lightning-filled tempest!
You visited 5 branches of the dungeon, and saw 30 of its levels.
You also visited: Ossuary.

You collected 2919 gold pieces.
You spent 1385 gold pieces at shops.

Inventory:

Hand Weapons
 V - the +8 arc blade (melded) {discharge, rElec}
   (You took it off Nikola on level 2 of the Snake Pit)

   It occasionally unleashes powerful arcs of lightning upon striking a foe.
   These may arc to other adjacent creatures (including the wielder, but dealing
   reduced damage to them) before grounding out.
   rElec:     It insulates you from electricity.
Missiles
 r - 12 curare-tipped darts
 S - 3 throwing nets
Armour
 c - a +2 pair of boots (melded)
 s - a +2 robe of the Archmagi (melded)
 w - a scarf of resistance (melded)
 z - the +2 hood of the Assassin (melded) {Detection Stab+ Stlth++}
   (You found it on level 4 of the Lair of Beasts)

   It allows the wearer to sense nearby creatures.
   It allows the wearer to make particularly effective stabbing attacks against
   helpless or unaware enemies with any weapon.
   Stlth:     It makes you much more stealthy.
 G - a +2 pair of gloves (melded)
 R - the +0 mask of the Dragon {Will+ Slay+3 SInv}
   (You bought it in a shop on level 12 of the Dungeon)

   Slay:      It affects your accuracy & damage with ranged weapons and melee
   (+3).
   SInv:      It lets you see invisible.
   Will:      It increases your willpower.
Magical Staves
 T - a staff of conjuration
Jewellery
 f - the ring "Faena" (right fist) {Str+6 Int+8 Dex+5}
   (You bought it in a shop on level 1 of the Snake Pit)

   [ring of strength]

   Str:       It affects your strength (+6).
   Int:       It affects your intelligence (+8).
   Dex:       It affects your dexterity (+5).
 j - a ring of wizardry (left fist)
 l - an amulet of the acrobat (around neck)
 X - a ring of resist corrosion
Wands
 k - a wand of polymorph (20)
 m - a wand of flame (64)
 o - a wand of digging (17)
 p - a wand of mindburst (20)
 D - a wand of acid (10)
 M - a wand of iceblast (13)
 Q - a wand of paralysis (14)
Scrolls
 a - a scroll of brand weapon
 d - 4 scrolls of enchant armour
 e - 5 scrolls of fear
 i - 9 scrolls of identify
 t - 2 scrolls of fog
 u - 4 scrolls of amnesia
 y - a scroll of silence
 B - 4 scrolls of teleportation
 C - a scroll of magic mapping
 J - a scroll of blinking
 N - 3 scrolls of enchant weapon
 W - a scroll of holy word
Potions
 b - 6 potions of heal wounds
 h - 9 potions of curing
 n - 3 potions of brilliance
 q - 2 potions of ambrosia
 v - 5 potions of might
 E - 2 potions of cancellation
 F - 2 potions of magic
 K - 3 potions of berserk rage
 O - 2 potions of flight
 P - 5 potions of haste
 U - 3 potions of invisibility
Miscellaneous
 I - a condenser vane


   Skills:
 - Level 9.0 Fighting
 - Level 10.0 Short Blades
 - Level 6.0 Armour
 - Level 6.0 Dodging
 - Level 9.0 Stealth
 * Level 9.1 Unarmed Combat
 - Level 9.0 Spellcasting
 - Level 9.1 Conjurations
 - Level 7.8 Hexes
 - Level 4.2 Translocations
 + Level 9.8 Transmutations
 - Level 4.0 Fire Magic
 + Level 11.7 Air Magic
 - Level 6.0 Poison Magic
 - Level 6.0 Evocations


You had 2 spell levels left.
You knew the following spells:

 Your Spells              Type           Power      Damage    Failure   Level
a - Shock                 Conj/Air       100%       1d9       0%          1
b - Static Discharge      Conj/Air       85%        N/A       1%          2
c - Swiftness             Air            90%        N/A       1%          3
d - Airstrike             Air            45%        N/A       1%          4
e - Apportation           Tloc           100%       N/A       1%          1
f - Fulminant Prism       Conj/Hex       38%        3d18      1%          4
g - Ignite Poison         Fire/Tmut/Pois 68%        N/A       1%          3
h - Irradiate             Conj/Tmut      41%        3d27      1%          5
i - Poisonous Vapours     Pois/Air       100%       N/A       1%          2
j - Storm Form            Tmut/Air       43%        N/A       6%          7

Your spell library contained the following spells:

 Spells                   Type           Power      Damage    Failure   Level
 Animate Skeleton         Necr           40%        N/A       1%          1
 Freeze                   Ice            80%        1d9       1%          1
 Magic Dart               Conj           100%       1d8       1%          1
 Sandblast                Erth           40%        2d10      1%          1
 Slow                     Hex            100%       N/A       1%          1
 Summon Small Mammal      Summ           80%        N/A       1%          1
 Blink                    Tloc           100%       N/A       1%          2
 Corpse Rot               Necr/Air       100%       N/A       1%          2
 Passwall                 Tmut/Erth      49%        N/A       1%          2
 Scorch                   Fire           100%       2d10      1%          2
 Searing Ray              Conj           100%       2d8       1%          2
 Sublimation of Blood     Necr           20%        N/A       1%          2
 Confusing Touch          Hex            74%        N/A       1%          3
 Dazzling Flash           Conj/Hex       100%       N/A       1%          3
 Frozen Ramparts          Ice            40%        1d6       1%          3
 Mephitic Cloud           Conj/Pois/Air  79%        N/A       1%          3
 Stone Arrow              Conj/Erth      100%       3d13      1%          3
 Vampiric Draining        Necr           20%        2d7       1%          3
 Cause Fear               Hex            37%        N/A       1%          4
 Flame Wave               Conj/Fire      68%        2d13      1%          4
 Hailstorm                Conj/Ice       57%        3d12      1%          4
 Ice Form                 Ice/Tmut       59%        N/A       1%          4
 Petrify                  Tmut/Erth      59%        N/A       1%          4
 Sticky Flame             Conj/Fire      68%        2d8       1%          4
 Alistair's Intoxication  Tmut/Pois      50%        N/A       1%          5
 Freezing Cloud           Conj/Ice/Air   35%        6-21      1%          5
 Iskenderun's Battlesphe  Conj           80%        2d13      1%          5
 Silence                  Hex/Air        41%        N/A       1%          5
 Manifold Assault         Tloc           55%        N/A       2%          5
 Metabolic Englaciation   Hex/Ice        26%        N/A       3%          5
 Eringya's Noxious Bog    Tmut/Pois      37%        N/A       3%          6
 Animate Dead             Necr           10%        N/A       6%          4
 Dispel Undead            Necr           20%        3d11      6%          4
 Summon Ice Beast         Ice/Summ       20%        N/A       6%          4
 Statue Form              Tmut/Erth      39%        N/A       12%         6
 Iron Shot                Conj/Erth      28%        9d6       13%         6
 Agony                    Necr           20%        N/A       16%         5
 Borgnjor's Vile Clutch   Necr/Erth      10%        N/A       16%         5
 Spellforged Servitor     Conj/Summ      28%        N/A       54%         7
 Death Channel            Necr           10%        N/A       61%         6
 Summon Cactus Giant      Summ           10%        N/A       61%         6


Dungeon Overview and Level Annotations

Branches:
Dungeon (14/15)            Temple (0/1) D:6            Lair (6/6) D:8
  Swamp (4/4) Lair:3        Snake (4/4) Lair:3        Slime (0/5) Lair:5
    Orc (2/2) D:12            Elf (0/3) Orc:2        Vaults (0/5) D:13
Ossuary (visited)

Shops:
D:5 (   D:11 *   D:12 [   Orc:1 (   Orc:2 ([:*   Snake:1 =**[!   Snake:2 =::
Snake:3 =(**

Annotations:
Snake:1 Asterion
Snake:3 1 runed translucent door, mrw3rdna's ghost, adept DsAK


Innate Abilities, Weirdness & Mutations

You are a lightning-filled tempest!
Your electrical attacks strike out in all directions at once.
You are incredibly evasive.
You are flying.
You are immune to poison.
Your armour is entirely melded.
You are incapable of wielding weapons or throwing items.
You have an increased reservoir of magic. (+10% MP)
You shall have no god before yourself.
Your divine heritage dramatically boosts your attributes as you level up.


Message History

The salamander completely misses you.
You feel much better.
A naga comes into view. It is wielding a +0 trident.
A salamander comes into view. It is wielding a +0 halberd.
A naga mage comes into view. It is wielding a +0 spear.
The salamander barely misses you. The salamander completely misses you.
The naga spits poison at you. The splash of poison misses you.
The splash of poison hits the salamander but does no damage.
There is an open door here.
You hit the naga. Lightning courses through the naga! You punch the naga!
The naga is severely wounded.
You batter the salamander!!
You buffet the naga!
The naga misses you. The salamander completely misses you.
Unknown command.
You batter the naga!!
You kill the naga!
You hit the naga. You batter the salamander!!
Lightning courses through the salamander!
The salamander barely misses you.
The naga hits you with a +0 short sword!
* * * LOW HITPOINT WARNING * * *
The salamander misses you.
You buffet the salamander!
You kill the salamander!
You hit the naga. The naga spits poison at you.
The splash of poison misses you. The naga mage spits poison at you.
The splash of poison hits you but does no damage.
You resist. The salamander barely misses you.
You buffet the naga!
You kill the naga!
The naga mage casts a spell at you.
The bolt of poison hits you but does no damage.
You resist. The salamander closely misses you.
The salamander hits you with a +0 halberd!
* * * LOW HITPOINT WARNING * * *
You are engulfed in flames!
You die...

..#.......##..........[.......##.
..#.......######################.
..#.....#..####################..
..#######........................
.............................####
.................#####.#######
...<.........#...#...#..#
............###.)')))#..#
............##..v#...#..#
................N#.).N..#
.................##).#....#
###...............####...##
##.............. ...##
#..########..... ...# ###... ...#
#........# ...


You could see a salamander.

Vanquished Creatures
  Bai Suzhen (Snake:3)
  Vashnia (Snake:2)
  Saint Roka (Orc:1)
  Nikola (Snake:2)
  Jorgrun (Orc:1)
  A tentacled monstrosity (Swamp:2)
  Rupert (Lair:6)
  Mlioglotl (Snake:4)
  Gastronok (D:10)
  Agnes (Snake:4)
  The ghost of Tuop the Blocker, an adept GnFi of Okawaru (Swamp:1)
  2 thorn hunters
  Donald (Snake:2)
  Kirke (Lair:4)
  Roxanne (Snake:3)
  A nagaraja (Snake:4)
  Aizul (Snake:3)
  Louise (Snake:3)
  An orc warlord (Orc:2)
  4 eleionomae
  5 slime creatures
  A dire elephant (Lair:6)
  8 bunyips
  2 shambling mangroves
  7 naga warriors
  28 hydras
  Erolcha (Orc:2)
  A salamander tyrant (Snake:2)
  4 anacondas
  A catoblepas (Lair:6)
  A centaur warrior (D:14)
  3 ghost crabs
  A boulder beetle (D:14)
  8 alligators
  3 two-headed ogres
  7 death yaks
  3 tengu warriors
  Urug (Orc:2)
  An orc high priest (Orc:2)
  10 naga sharpshooters
  3 shock serpents
  A shadow wraith (D:13)
  A sixfirhy (D:8)
  A fire crab (Lair:5)
  4 salamander mystics
  2 goliath frogs
  2 spriggan druids
  6 swamp dragons
  6 naga ritualists
  2 bog bodies
  4 lindwurms
  4 ugly things
  A deep elf pyromancer (D:13)
  Pikel (D:6)
  9 mana vipers
  4 manticores
  2 cyclopes
  3 orc knights
  6 salamanders
  4 will-o-the-wisps
  5 orc sorcerers
  12 elephants
  30 black mambas
  A gargoyle (D:11)
  13 cane toads
  10 naga magi
  2 torpor snails
  An unseen horror (D:12)
  3 rime drakes
  10 komodo dragons
  A tengu conjurer (D:12)
  6 tyrant leeches
  A bloated husk (Swamp:1)
  8 trolls
  3 polar bears
  11 hornets
  21 blink frogs
  A blink frog (shapeshifter) (D:13)
  7 dream sheep
  Sigmund (D:2)
  A vampire (D:12)
  10 spriggans
  3 shadows
  2 wraiths
  58 yaks
  A human (D:9)
  11 wyverns
  A ynoxinul (D:9)
  7 basilisks
  6 hogs
  3 steam dragons
  2 vampire mosquitoes (D:13)
  36 nagas
  Menkaure (D:6)
  22 swamp worms
  An acid dragon (D:12)
  4 wargs
  18 water moccasins
  2 black bears
  9 swamp drakes (Swamp:4)
  30 orc warriors
  A sky beast (D:8)
  3 necrophages
  4 wolves (Lair:1)
  2 centaurs
  5 ogres
  A phantom (D:6)
  Blork the orc (D:6)
  A wyvern zombie (D:8)
  3 kobold brigands
  9 bullfrogs
  4 gnoll sergeants
  A scorpion (D:4)
  A water moccasin zombie (D:6)
  A wyvern skeleton (D:7)
  A water moccasin skeleton (D:6)
  5 killer bees (D:9)
  5 wights (D:10)
  An electric eel (Lair:6)
  3 centaur zombies
  2 hounds (D:6)
  5 jellies
  2 gnoll shamans
  22 orc priests
  2 bullfrog skeletons (D:7)
  3 iguanas
  30 orc wizards
  3 mummies (Ossuary)
  2 howler monkey zombies (D:9)
  8 adders
  22 gnolls
  2 shadow imps (D:6)
  An ufetubus (D:6)
  An adder zombie (Ossuary)
  2 worms (D:2)
  A dart slug (D:4)
  56 orcs
  8 ball pythons
  4 bats
  8 endoplasms
  5 giant cockroaches (D:2)
  9 goblins
  7 hobgoblins
  3 jackals (D:2)
  17 kobolds
  A quokka (D:1)
  A goblin zombie (Ossuary)
  3 hobgoblin zombies (Ossuary)
  5 kobold zombies (Ossuary)
  4 quokka zombies (Ossuary)
  12 rats
  4 rat zombies (Ossuary)
  14 briar patches (Swamp:2)
882 creatures vanquished.

Vanquished Creatures (others)
  A spriggan druid (Swamp:1)
  A naga mage (Snake:4)
  A bloated husk (Swamp:1)
  A hornet (Swamp:4)
  A human (Lair:4)
  A kobold (D:8)
  8 foxfires
  346 fulminant prisms
  79 fungi
  128 plants
  2 withered plants (Swamp:1)
569 creatures vanquished.

Grand Total: 1451 creatures vanquished

Notes
Turn   | Place    | Note
-------+----------+-------------------------------------------
     0 | D:1      | pkoi the Demigod Air Elementalist began the quest for the
                  | Orb.
     0 | D:1      | Reached XP level 1. HP: 14/14 MP: 5/5
   236 | D:1      | Reached skill level 3 in Air Magic
   419 | D:1      | Reached XP level 2. HP: 20/20 MP: 0/7
  1633 | D:2      | Reached skill level 4 in Air Magic
  1633 | D:2      | Reached XP level 3. HP: 26/26 MP: 4/8
  2087 | D:2      | Reached XP level 4. HP: 13/33 MP: 1/9
  3003 | D:2      | Reached skill level 5 in Air Magic
  3074 | D:2      | Noticed Sigmund
  3083 | D:2      | Learned a level 2 spell: Static Discharge
  3087 | D:2      | Learned a level 3 spell: Swiftness
  3752 | D:3      | Reached XP level 5. HP: 38/38 MP: 4/10
  4688 | D:3      | You fall into a shaft and drop 3 floors!
  4736 | D:6      | Reached skill level 6 in Air Magic
  5097 | D:6      | Found a staircase to the Ecumenical Temple.
  5105 | D:6      | Reached XP level 6. HP: 36/45 MP: 5/13
  5115 | D:6      | Identified the +1 war axe of the Onslaught {venom, rC+}
  5241 | D:6      | Noticed Blork the orc
  5331 | D:5      | Entered Level 5 of the Dungeon
  6703 | D:4      | Reached XP level 7. HP: 50/50 MP: 8/15
  6707 | D:4      | Reached skill level 7 in Air Magic
  6794 | D:4      | Learned a level 4 spell: Airstrike
  6796 | D:4      | Learned a level 1 spell: Apportation
  7084 | D:5      | Reached skill level 1 in Conjurations
  7368 | D:5      | Noticed a wyvern
  7388 | D:5      | Killed a wyvern
  7389 | D:5      | Reached skill level 1 in Translocations
  7633 | D:5      | Found Nyful Wass's Antique Weapon Emporium.
  7646 | D:5      | Reached skill level 1 in Fighting
  7646 | D:5      | Reached skill level 1 in Armour
  8175 | D:6      | Killed Blork the orc
  8322 | D:6      | Reached XP level 8. HP: 60/60 MP: 11/17
  8406 | D:6      | Noticed Menkaure
  8411 | D:6      | Killed Menkaure
  8654 | D:6      | Noticed Pikel
  8658 | D:6      | Killed Pikel
  9334 | D:7      | Found a sand-covered staircase.
  9339 | Ossuary  | Entered an ossuary
 11852 | D:7      | Reached XP level 9. HP: 70/70 MP: 10/19
 12594 | D:7      | Reached skill level 8 in Air Magic
 13359 | D:8      | Found a runed translucent door.
 13359 | D:8      | Noticed a sixfirhy
 13611 | D:8      | Noticed a death yak
 13678 | D:8      | Reached skill level 5 in Spellcasting
 14056 | D:7      | Killed a death yak
 14447 | D:8      | Identified the +0 leather armour "Filyddeh" {Int+4}
 14733 | D:8      | Noticed a death yak
 14733 | D:8      | Noticed a death yak
 14773 | D:8      | Found a staircase to the Lair.
 14962 | D:9      | Found a transporter.
 14963 | D:9      | Found a transporter.
 14976 | D:9      | Noticed a two-headed ogre
 14987 | D:9      | Killed a two-headed ogre
 15315 | D:9      | Reached XP level 10. HP: 80/80 MP: 8/22
 15507 | D:9      | Got Sif Muna's Compendium of the Oath
 15532 | D:9      | Found a transporter.
 15533 | D:9      | Found a transporter.
 15546 | D:9      | Found a transporter.
 15553 | D:9      | Found a transporter.
 16295 | D:9      | Reached skill level 5 in Conjurations
 16437 | D:9      | Reached skill level 5 in Armour
 16838 | D:9      | Reached skill level 5 in Fighting
 16966 | Lair:1   | Entered Level 1 of the Lair of Beasts
 16975 | Lair:1   | Noticed a seven-headed hydra
 16980 | Lair:1   | Killed a seven-headed hydra
 17084 | Lair:1   | Noticed a seven-headed hydra
 17105 | Lair:1   | Killed a seven-headed hydra
 17106 | Lair:1   | Reached skill level 9 in Air Magic
 18089 | Lair:1   | Reached XP level 11. HP: 89/89 MP: 12/24
 18851 | Lair:1   | Learned a level 4 spell: Fulminant Prism
 18957 | Lair:1   | Reached skill level 5 in Stealth
 19002 | Lair:1   | Reached skill level 1 in Hexes
 19002 | Lair:1   | Reached skill level 1 in Evocations
 21722 | Lair:2   | Noticed a death yak
 21790 | Lair:2   | Noticed a death yak
 22389 | Lair:2   | Killed a death yak
 22390 | Lair:2   | Reached skill level 10 in Air Magic
 22430 | Lair:2   | Killed a death yak
 23137 | Lair:3   | Reached XP level 12. HP: 70/96 MP: 7/25
 23557 | Lair:3   | Found a staircase to the Snake Pit.
 23860 | Lair:3   | Found a staircase to the Swamp.
 24511 | Lair:4   | Reached skill level 5 in Dodging
 24671 | Lair:4   | Noticed Kirke
 24688 | Lair:4   | Killed Kirke
 25221 | Lair:4   | Reached skill level 5 in Hexes
 25221 | Lair:4   | Reached skill level 5 in Evocations
 25303 | Lair:4   | Noticed a four-headed hydra
 25323 | Lair:4   | Killed a four-headed hydra
 25761 | Lair:4   | Noticed a seven-headed hydra
 25845 | Lair:4   | Killed a seven-headed hydra
 26910 | Lair:4   | Found the +2 hood of the Assassin {Detection Stab+ Stlth++}
 27294 | Lair:5   | Noticed a four-headed hydra
 27300 | Lair:5   | Killed a four-headed hydra
 27516 | Lair:5   | Found a runed translucent door.
 27559 | Lair:5   | Found a staircase to the Slime Pits.
 27995 | Lair:5   | Reached skill level 1 in Short Blades
 28840 | Lair:5   | Reached XP level 13. HP: 99/103 MP: 22/26
 29304 | Lair:6   | Entered Level 6 of the Lair of Beasts
 31858 | Lair:6   | Noticed a dire elephant
 31906 | Lair:6   | Killed a dire elephant
 32629 | Lair:6   | Identified the +10 hunting sling "Yficziav" {freeze, Dex+5}
 34152 | D:2      | Killed Sigmund
 34358 | D:10     | Entered Level 10 of the Dungeon
 34664 | D:10     | Learned a level 5 spell: Alistair's Intoxication
 34895 | D:10     | Noticed Gastronok
 34956 | D:10     | Killed Gastronok
 35820 | D:11     | Reached skill level 5 in Short Blades
 36540 | D:11     | Found Dicvypy's Demolitions Depot.
 37213 | D:12     | Reached skill level 1 in Poison Magic
 37295 | D:12     | Reached skill level 1 in Transmutations
 37380 | D:12     | Reached XP level 14. HP: 107/113 MP: 13/28
 37538 | D:12     | Found Regoj's Armour Boutique.
 37545 | D:12     | Bought the +0 mask of the Dragon {Will+ Slay+3 SInv} for
                  | 434 gold pieces
 37545 | D:12     | Found the +0 mask of the Dragon {Will+ Slay+3 SInv}
 37801 | D:12     | Found a staircase to the Orcish Mines.
 38445 | Swamp:1  | Entered Level 1 of the Swamp
 39190 | Orc:1    | Entered Level 1 of the Orcish Mines
 39190 | Orc:1    | Noticed Jorgrun
 39213 | Orc:1    | Killed Jorgrun
 40592 | Orc:1    | Found Daruef's Weapon Shop.
 40979 | Orc:2    | Entered Level 2 of the Orcish Mines
 41259 | Orc:2    | Noticed an orc warlord
 41273 | Orc:2    | Killed an orc warlord
 42066 | Orc:2    | Noticed Erolcha
 42072 | Orc:2    | Killed Erolcha
 42252 | Orc:2    | Noticed Saint Roka
 42372 | Orc:2    | Noticed Urug
 42377 | Orc:2    | Killed Urug
 42378 | Orc:2    | Reached skill level 5 in Transmutations
 42378 | Orc:2    | Reached skill level 5 in Poison Magic
 43780 | Orc:1    | HP: 4/113 [Saint Roka/+2 war axe of flaming (12)]
 43783 | Orc:1    | Killed Saint Roka
 44187 | Orc:2    | Found a staircase to the Elven Halls.
 44261 | Orc:2    | Found Kebol's Book Shoppe.
 44267 | Orc:2    | Found Kejielow's Antique Weapon Shoppe.
 44275 | Orc:2    | Found Iliupsapto's Antique Armour Shoppe.
 44325 | Orc:2    | Bought a book of Alchemy for 336 gold pieces
 44331 | Orc:2    | Learned a level 5 spell: Irradiate
 44352 | Orc:2    | Found Veun's General Store.
 45690 | D:13     | Found a gate to the Vaults.
 48423 | Snake:1  | Entered Level 1 of the Snake Pit
 48556 | Snake:1  | Found Oggy's General Store.
 49810 | Snake:1  | Found Zigah's Jewellery Shop.
 49955 | Snake:1  | Reached XP level 15. HP: 112/121 MP: 30/30
 51760 | Lair:3   | Found a staircase to the Swamp.
 51837 | Lair:3   | Found a staircase to the Snake Pit.
 52864 | Swamp:1  | Found a runed translucent door.
 52867 | Swamp:1  | Noticed Tuop's ghost (adept GnFi)
 53017 | Swamp:1  | Learned a level 3 spell: Ignite Poison
 53020 | Swamp:1  | Learned a level 2 spell: Poisonous Vapours
 54244 | Swamp:1  | Got the Catalogue of Envenoming and Snow
 54572 | Swamp:2  | Reached skill level 1 in Fire Magic
 54623 | Swamp:2  | Noticed a thorn hunter
 54768 | Swamp:2  | Killed a thorn hunter
 55376 | Swamp:2  | Noticed a tentacled monstrosity
 55389 | Swamp:2  | Killed a tentacled monstrosity
 57871 | Swamp:3  | Identified the ring of Wuwiy {rF+ MP-9 Str+6 Dex+6}
 58265 | Swamp:3  | Reached skill level 1 in Unarmed Combat
 58926 | Swamp:4  | Entered Level 4 of the Swamp
 59953 | Snake:1  | Bought a ring of poison resistance for 260 gold pieces
 60414 | Snake:1  | Found Imaucw's Distillery.
 60852 | Snake:1  | Noticed Asterion
 60856 | Snake:1  | Noticed an Executioner
 60863 | Snake:1  | Found Det Xacw's Armour Emporium.
 61084 | Snake:1  | Found Mioninlyu's Assorted Antiques.
 61092 | Snake:1  | Bought a slimy marble ring for 165 gold pieces
 61092 | Snake:1  | Identified the ring "Faena" {Str+6 Int+8 Dex+5} (You bought
                  | it in a shop on level 1 of the Snake Pit)
 61092 | Snake:1  | Bought a scroll labelled HAINOE INTIUFYAD for 33 gold
                  | pieces
 61187 | Snake:2  | You fall into a shaft and drop 1 floor!
 61196 | Snake:3  | Noticed Roxanne
 61213 | Snake:3  | Noticed Bai Suzhen
 61219 | Snake:3  | Noticed Louise
 61841 | Snake:3  | Reached XP level 16. HP: 126/132 MP: 22/33
 61937 | Snake:3  | HP: 1/132 [salamander mystic/lance of force (19)]
 62394 | Snake:2  | Noticed Donald
 62400 | Snake:2  | Killed Donald
 63192 | Snake:2  | Noticed Nikola
 63219 | Snake:2  | Killed Nikola
 63432 | Snake:2  | Found Enoaduuh's Jewellery Emporium.
 63432 | Snake:2  | Found Buekell's Book Boutique.
 63434 | Snake:2  | Found Osojunoa's Book Boutique.
 63730 | Snake:2  | Noticed Vashnia
 64040 | Snake:2  | Reached skill level 10 in Short Blades
 64041 | Snake:2  | Killed Vashnia
 64744 | Snake:3  | Noticed Aizul
 64797 | Snake:3  | Killed Louise
 65323 | Snake:3  | Killed Roxanne
 65505 | Snake:2  | Learned a level 7 spell: Storm Form
 65650 | Snake:3  | Reached skill level 5 in Unarmed Combat
 66016 | Snake:3  | Killed Aizul
 67132 | Snake:3  | Found a runed translucent door.
 67150 | Snake:3  | Noticed mrw3rdna's ghost (adept DsAK)
 67532 | Snake:3  | Found Weabalif's Assorted Antiques.
 67678 | Snake:3  | Found Zecarano's General Store.
 67678 | Snake:3  | Found Ubooxuux's Weapon Boutique.
 67683 | Snake:3  | Bought a scroll of blinking for 157 gold pieces
 67683 | Snake:3  | Found Liusm's Jewellery Boutique.
 68256 | Lair:6   | Noticed Rupert
 68267 | Lair:6   | Killed Rupert
 68795 | Swamp:1  | Killed Tuop's ghost
 68982 | Swamp:3  | Reached skill level 11 in Air Magic
 70189 | Swamp:4  | Got a decaying rune of Zot
 71023 | Snake:4  | Entered Level 4 of the Snake Pit
 71612 | Snake:4  | Noticed Agnes
 71747 | Snake:4  | Killed Agnes
 71877 | Snake:4  | Reached XP level 17. HP: 122/137 MP: 22/35
 72158 | Snake:3  | Killed Bai Suzhen
 72432 | Snake:4  | Noticed Mlioglotl
 72591 | Snake:4  | Killed Mlioglotl
 72873 | Snake:4  | Slain by a salamander

Illustrated notes

Levels and vault maps discovered:
D:1:      giann_wishing_wells, layout_basic, basic_ecumenical_altar,
          hangedman_glass_teeth
D:2:      layout_loops_cross, basic_altar, minmay_randomly_rotated_circles,
          uniq_sigmund
D:3:      layout_loops_cross, grunt_qazlal_sundering
D:4:      layout_gridville, nicolae_vehumet_altar_sigil,
          grunt_temple_overflow_open, chequers_serial_rivers_room_a
D:5:      layout_loops_ring, kennysheep_mini_moat, nzn_wu_jian_council_hall,
          serial_shops, shop
D:6:      layout_basic, minmay_temple_entry_offerings, uniq_pikel,
          uniq_menkaure, uniq_blork_the_orc
D:7:      layout_cave_pods, minmay_overflow_temple_star_quad,
          mainiacjoe_overflow_brackets, enter_bailey_2, enter_ossuary_5
D:8:      cheibrodos_shockbox, layout_basic, dpeg_lair_monsters
D:9:      layout_long_grid, nzn_overflow_gifts_of_might_and_magic,
          mainiacjoe_overflow_surrounded_room, grunt_livestock, st_stairs_9,
          serial_nicolae_subway, nicolae_sub_station_crystal,
          nicolae_sub_station_stone, nicolae_sub_station_metal
D:10:     layout_stronghold, uniq_gastronok
D:11:     layout_roguey, nicolae_blasting_shop
D:12:     layout_stronghold, orc_0_dummy, serial_shops,
          nicolae_shop_hallway_plus
D:13:     layout_small_grid, david_vaults_4, kennysheep_another_room
D:14:     layout_gridville, fedhas_altar_4, kennysheep_inner_square
Lair:1:   layout_gridlike, grunt_megastairs_5, lemuel_fruit_fields,
          lemuel_fruit_fields, serial_bayou_shore_a
Lair:2:   layout_long_grid, st_stairs_4, nzn_random_ring
Lair:3:   layout_cellular_growth, swamp_mist, guppyfry_snake_entry_garden,
          chequers_serial_rivers_large_a
Lair:4:   layout_roguey, grunt_forest_large_clearing_hut, uniq_kirke
Lair:5:   layout_hall_layers, slime_altar_2, chequers_serial_rivers_small_b,
          chequers_serial_rivers_small_b, grunt_megastairs_4
Lair:6:   hangedman_lair_in_review, layout_gridlike,
          chequers_serial_rivers_small_b, minivault_11, uniq_rupert
Swamp:1:  layout_falls_marsh, gammafunk_ghost_grave, serial_swamp_ruin,
          evilmike_swamp_ruin_house_4, evilmike_swamp_ruin_house_5,
          evilmike_swamp_ruin_rubble_1, nicolae_swamp_stuck_in_the_mud
Swamp:2:  layout_basic_swamp, evilmike_swamp_ruin_house_2,
          nicolae_swamp_very_dense_foliage
Swamp:3:  layout_falls_marsh, evilmike_swamp_ruin_house_6,
          infiniplex_staircase_pool
Swamp:4:  swamp, layout_basic_swamp
Snake:1:  layout_basic, serial_shops, shop,
          nicolae_shop_temple_entry_statues_fountains, shop, shop,
          nicolae_shop_advertising_works [nicolae_subvault_shop_adworks],
          uniq_asterion
Snake:2:  layout_rooms, minmay_shop_grove, lemuel_fruit_tree,
          serial_bayou_shore_b, uniq_nikola, uniq_vashnia, uniq_donald
Snake:3:  layout_cave_shapes, ebering_ghost_xom, serial_bayou_shore_b,
          minmay_shoptagon, uniq_roxanne, uniq_louise, uniq_bai_suzhen,
          uniq_aizul
Snake:4:  minmay_snake_end_coiled, layout_cave_town,
          nicolae_snake_gridmaze_entwining, uniq_agnes, uniq_mlioglotl
Orc:1:    layout_caves, serial_shops, shop, uniq_jorgrun
Orc:2:    grunt_orc_cross, layout_caves, uniq_erolcha

Skill      XL: |  1  2  3  4  5  6  7  8  9 10 11 12 13 14 15 16 17 |
---------------+----------------------------------------------------+-----
Air Magic      | 3 4 5 6 7 8 9 10 11 | 11.7
Spellcasting   | 2 3 4 5 6 7 8 9 |  9.0
Conjurations   | 2 3 4 5 7 8 9 |  9.1
Translocations | 1 3 4 |  4.2
Fighting       | 1 3 4 5 6 7 9 |  9.0
Armour         | 1 3 4 5 6 |  6.0
Stealth        | 2 4 5 7 9 |  9.0
Dodging        | 4 6 |  6.0
Hexes          | 4 6 7 |  7.8
Evocations     | 4 6 |  6.0
Short Blades   | 2 6 8 9 10 | 10.0
Poison Magic   | 1 6 |  6.0
Transmutations | 1 7 8 9 |  9.8
Fire Magic     | 4 |  4.0
Unarmed Combat | 2 8 9 |  9.1

Action                   |  1- 3 |  4- 6 |  7- 9 | 10-12 | 13-15 | 16-18 || total
-------------------------+-------+-------+-------+-------+-------+-------++-------
Melee: Club              |     1 |       |       |       |       |       ||     1
       Dagger            |    17 |    27 |     5 |   107 |   207 |     8 ||   371
       War axe           |       |       |    11 |       |       |       ||    11
       Punch             |       |       |       |     2 |     4 |    17 ||    23
       Unarmed           |       |       |       |       |       |   161 ||   161
       Rapier            |       |       |       |       |       |    29 ||    29
 Fire: Hunting sling     |       |       |       |       |    45 |       ||    45
 Cast: Shock             |    72 |   169 |   233 |   143 |    15 |       ||   632
       Airstrike         |       |       |    38 |   154 |   417 |   149 ||   758
       Static Discharge  |       |       |     6 |    19 |    29 |     1 ||    55
       Swiftness         |       |       |     1 |       |       |       ||     1
       Fulminant Prism   |       |       |       |    57 |   231 |    58 ||   346
       Poisonous Vapours |       |       |       |       |    76 |     9 ||    85
       Ignite Poison     |       |       |       |       |    40 |     7 ||    47
       Irradiate         |       |       |       |       |    10 |     3 ||    13
       Apportation       |       |       |       |       |     1 |       ||     1
       Storm Form        |       |       |       |       |       |    22 ||    22
Evoke: Wand              |       |       |       |       |     7 |       ||     7
  Use: Scroll            |       |    12 |     8 |     5 |    17 |     2 ||    44
       Potion            |       |     1 |       |       |     2 |     4 ||     7
 Stab: Sleeping          |       |       |       |     2 |     7 |     2 ||    11
Armor: Robe              |     1 |     5 |    31 |    83 |   162 |    19 ||   301
       Skin              |       |       |       |       |       |    83 ||    83
Dodge: Dodged            |    27 |    37 |    40 |   174 |   339 |   335 ||   952
